 Dungeon Crawl Stone Soup version 0.13.1-20-gf50ca03 (webtiles) character file.

130 Kae the Insei (level 3, -2/28 HPs)
             Began as a Draconian Transmuter on Dec 31, 2013.
             Slain by Sigmund
             ... wielding a +0,+1 scythe of protection
              (16 damage)
             ... on Level 2 of the Dungeon.
             The game lasted 00:01:18 (1272 turns).

Kae the Insei (Draconian Transmuter)                Turns: 1272, Time: 00:01:18

HP  -2/28        AC  5     Str 11 (12) XL: 3   Next: 16%
MP   4/4         EV 12     Int 13      God:
Gold 95          SH  0     Dex 12      Spells:  1 memorised,  5 levels left

Res.Fire  : . . .   See Invis. : .     - Unarmed
Res.Cold  : . . .   Warding    : .   (armour unavailable)
Life Prot.: . . .   Conserve   : .   (no shield)
Res.Poison: .       Res.Corr.  : .   (helmet restricted)
Res.Elec. : .       Clarity    : .   (no cloak)
Sust.Abil.: . .     Spirit.Shd : .   (no gloves)
Res.Mut.  : .       Stasis     : .   (no boots)
Res.Rott. : .       Flight     : .   (no amulet)
Saprovore : . . .                    (no ring)
                                     (no ring)

@: appendage (expiring), not resistant to hostile enchantments, unstealthy
A: unfitting armour, horns 2, AC +5
a: End Transformation


You were on level 2 of the Dungeon.
You were very hungry.
You had grown temporary horns.
You visited 1 branch of the dungeon, and saw 2 of its levels.

You collected 75 gold pieces.

Inventory:

Missiles
 b - 28 arrows
Comestibles
 a - a bread ration
 f - a meat ration
 o - an apple
Scrolls
 c - a scroll of enchant weapon I {unknown}
 i - a scroll of enchant armour {unknown}
 j - a scroll of magic mapping {unknown}
 k - 2 scrolls of remove curse {unknown}
 l - 3 scrolls of curse jewellery {unknown}
 m - a scroll of identify {unknown}
 n - 2 scrolls of fear {unknown}
 p - a scroll of blinking {unknown}
Jewellery
 r - a +3 ring of protection {unknown}
Potions
 e - a potion of heal wounds
 g - a potion of curing
 h - a potion of degeneration
 q - a potion of brilliance
Books
 d - a book of Changes

   Spells                             Type                      Level
   *Beastly Appendage                 Transmutation                1
   Sticks to Snakes                   Transmutation                2
   Spider Form                        Transmutation/Poison         3
   Ice Form                           Ice/Transmutation            4
   Blade Hands                        Transmutation                5


   Skills:
 - Level 1.1 Fighting
 - Level 1.7 Dodging
 * Level 3.9 Unarmed Combat
 - Level 2.0 Spellcasting
 + Level 2.6 Transmutations


You had 5 spell levels left.
You knew the following spells:

 Your Spells              Type           Power        Failure   Level  Hunger
a - Beastly Appendage     Trmt           #.....       10%         1    ##.....


Dungeon Overview and Level Annotations

Branches:
Dungeon (2/27)

Altars:

Annotations:
D:2 Sigmund


Innate Abilities, Weirdness & Mutations

Your plain brown scales are hard (AC +5).
Your body does not fit into most forms of armour.
Your cold-blooded metabolism reacts poorly to cold.
You have a pair of horns on your head.


Message History

Sigmund gestures at you while chanting. You resist.
You hit Sigmund.
You tail-slap Sigmund, but do no damage.
Sigmund is heavily wounded.
Sigmund misses you.
You hit Sigmund but do no damage.
Sigmund is heavily wounded.
You closely miss Sigmund.
Sigmund is heavily wounded.
Sigmund hits you with a glowing scythe!
You closely miss Sigmund.
Sigmund is heavily wounded.
Sigmund gestures wildly while chanting.
Sigmund flickers and vanishes!
Deactivating autopickup; reactivate with Ctrl-A.
You miss it. You miss it. Your punch misses it. It hits you!
Ouch! That really hurt!
You die...

#.......##.....#
#.#
#.#.##..##.....#
#.#
#.#..#%.##.....#
#.#
#.##.#..########
#.# #.......######
#.# #............#
#.. ####.##.####.#
###
#.......#.####..%#
####.##..@.l.....#
#.####.####...#
#.. !.# ### ####


You could see a giant newt.

Vanquished Creatures
  A giant gecko (D:1)
  5 bats
  6 hobgoblins (D:1)
  3 jackals (D:2)
  7 kobolds
  A ball python (D:1)
  5 giant newts
  2 goblins (D:1)
  3 rats (D:1)
33 creatures vanquished.

Notes
Turn   | Place    | Note
--------------------------------------------------------------
     0 | D:1      | Kae, the Draconian Transmuter, began the quest for the Orb.
     0 | D:1      | Reached XP level 1. HP: 16/16 MP: 1/1
   399 | D:1      | Reached XP level 2. HP: 23/23 MP: 3/3
  1022 | D:2      | Reached XP level 3. HP: 28/28 MP: 4/4
  1244 | D:2      | Noticed Sigmund
  1272 | D:2      | Slain by Sigmund

Action                   || total
-------------------------++-------
Melee: Unarmed           ||   152
 Cast: Beastly Appendage ||     1
  Use: Potion            ||     9
 Stab: Invisible         ||     2
       Sleeping          ||     1
